 Dungeon Crawl Stone Soup version 0.23-a0-139-ga22e90c (webtiles) character file.

9217 Amnesiac the Destroyer (level 11, 0/68 HPs)
             Began as a Mummy Air Elementalist on Aug 30, 2018.
             Was a High Priest of Sif Muna.
             Slain by a centaur warrior
             ... wielding a +0 morningstar
              (27 damage)
             ... on level 9 of the Dungeon.
             The game lasted 00:15:34 (8124 turns).

Amnesiac the Destroyer (Mummy Air Elementalist)     Turns: 8124, Time: 00:15:34

Health: 0/68       AC: 11    Str: 19    XL:     11   Next: 20%
Magic:  0/23       EV: 10    Int: 29    God:    Sif Muna [*****.]
Gold:   512        SH:  5    Dex: 12    Spells: 5/26 levels left

rFire    x . .     SeeInvis .   a - +1 spear (venom)
rCold    + + .     Gourm    .   s - +0 buckler
rNeg     + + +     Faith    .   q - +1 scale mail "Jiothrott" {Str+8}
rPois    ∞         Spirit   +   (no helmet)
rElec    .         Reflect  .   y - +0 cloak {MR+}
rCorr    .         Harm     .   u - +2 pair of gloves
MR       ++...                  (no boots)
Stlth    ..........             h - amulet of guardian spirit
HPRegen  0.21/turn              f - +5 ring of intelligence
MPRegen  0.18/turn              r - ring of the Middle {rC+ rN++ Int+5 Slay-3}

@: no casting
A: no food or potions, fire vulnerability, cold resistance 1, negative energy
resistance 3, torment resistance, unbreathing
a: Stop Divine Energy, Channel Magic, Forget Spell, Renounce Religion


You were on level 9 of the Dungeon.
You worshipped Sif Muna.
Sif Muna was extremely pleased with you.
You were not hungry.

You visited 2 branches of the dungeon, and saw 10 of its levels.

You collected 654 gold pieces.
You spent 142 gold pieces at shops.

Inventory:

Hand Weapons
 a - a +1 spear of venom (weapon)
 b - a +4 blowgun
Missiles
 o - 18 poisoned needles
Armour
 d - a +0 helmet
 q - the +1 scale mail "Jiothrott" (worn) {Str+8}
   (You found it on level 8 of the Dungeon)

   It affects your strength (+8).
 s - a +0 buckler (worn)
 u - a +2 pair of gloves (worn)
 y - a +0 cloak of magic resistance (worn)
Jewellery
 f - a +5 ring of intelligence (left hand)
 h - an amulet of guardian spirit (around neck)
 l - an uncursed ring of see invisible
 r - the ring of the Middle (right hand) {rC+ rN++ Int+5 Slay-3}
   (You found it on level 8 of the Dungeon)

   [ring of protection from cold]

   It affects your intelligence (+5).
   It affects your accuracy and damage with ranged weapons and melee attacks
   (-3).
   It protects you from cold.
   It greatly protects you from negative energy.
Wands
 e - a wand of polymorph (16)
 k - a wand of flame (30)
Scrolls
 c - 7 scrolls of remove curse {!r}
 g - 2 scrolls of teleportation {!r}
 i - 2 scrolls of enchant armour {!r}
 j - a scroll of magic mapping {!r}
 m - 2 scrolls of amnesia {!r}
 n - 8 scrolls of identify {!r}
 p - 2 scrolls of fog {!r}
 t - a scroll of silence {!r, unknown}
 x - 3 scrolls of blinking {!r}


   Skills:
 - Level 1.5 Dodging
 - Level 1.5 Stealth
 - Level 4.0 Shields
 - Level 8.0 Spellcasting
 - Level 8.5 Conjurations
 - Level 8.0 Air Magic
 + Level 7.2 Invocations


You had 5 spell levels left.
You knew the following spells:

 Your Spells              Type           Power        Failure   Level  Hunger
a - Airstrike             Air            ######....   5%          4    N/A
b - Confusing Touch       Hex            ##....       14%         1    N/A
c - Summon Small Mammal   Summ           ##..         14%         1    N/A
d - Lightning Bolt        Conj/Air       ######....   14%         5    N/A
e - Shock                 Conj/Air       ####         1%          1    N/A
f - Apportation           Tloc           ##....       14%         1    N/A
g - Freezing Cloud        Conj/Ice/Air   #####.....   93%         6    N/A
z - Swiftness             Chrm/Air       ####....     4%          2    N/A

Your spell library contained the following spells:

 Spells                   Type           Power        Failure   Level  Hunger
 Magic Dart               Conj           ####         1%          1    N/A
 Searing Ray              Conj           ######       1%          2    N/A
 Static Discharge         Conj/Air       ######..     1%          3    N/A
 Iskenderun's Mystic Bla  Conj           ######..     4%          4    N/A
 Dazzling Spray           Conj/Hex       #####.       8%          3    N/A
 Animate Skeleton         Necr           N/A          14%         1    N/A
 Force Lance              Conj/Tloc      #####...     26%         4    N/A
 Fulminant Prism          Conj/Hex       #####.....   26%         4    N/A
 Throw Icicle             Conj/Ice       #####...     26%         4    N/A
 Ozocubu's Armour         Chrm/Ice       ##......     41%         3    N/A
 Summon Ice Beast         Ice/Summ       ##......     82%         4    N/A
 Metabolic Englaciation   Hex/Ice        ##........   99%         5    N/A

Dungeon Overview and Level Annotations

Branches:
Dungeon (9/15)             Temple (1/1) D:4             Orc (0/2) D:9
   Lair: D:8-11

Altars:
Ashenzari
Cheibriados
Dithmenos
Elyvilon
Fedhas
Gozag
Hepliaklqana
Kikubaaqudgha
Makhleb
Nemelex Xobeh
Okawaru
Qazlal
Ru
Sif Muna
Trog
Uskayaw
Vehumet
Wu Jian
Xom
Yredelemnul
Zin
The Shining One

Shops:
D:5 *


Innate Abilities, Weirdness & Mutations

You do not eat or drink.
Your flesh is vulnerable to fire.
You are immune to poison.
Your flesh is cold resistant. (rC+)
You are immune to negative energy. (rN+++)
You are immune to unholy pain and torment.
You can survive without breathing.


Message History

The slave is moderately wounded.
The slave closely misses you.
You are unable to access your magic!
A slave comes into view.
You hit the slave.
The slave looks as sick as possible!
The slave is heavily wounded.
You regain access to your magic.
The slave hits you but does no damage.
Casting: Airstrike (safe; 5% risk of failure)
Confirm with . or Enter, or press ? or * to list all spells.
Aiming: Airstrike (safe; 5% risk of failure)
Press: ? - help, Dir - move target cursor, f/p - slave
Aim: a slave, wearing an animal skin (heavily wounded, poisoned)
The air twists around and strikes the slave!
You kill the slave!
That felt strangely unrewarding.
Sif Muna grants you divine energy.
You briefly lose access to your magic!
A centaur warrior comes into view. It is wielding a morningstar.
Attack whom?
Press: ? - help, Dir - move target cursor, f - centaur warrior
Aim: a centaur warrior, wielding a morningstar You reach to attack!
You hit the centaur warrior.
The centaur warrior is poisoned.
The centaur warrior is lightly wounded.
A soldier ant comes into view.
The centaur warrior drinks a potion.
The centaur warrior goes berserk!
You are unable to access your magic!
The centaur warrior rages.
You hit the centaur warrior but do no damage.
The centaur warrior looks as sick as possible!
The centaur warrior is lightly wounded.
The centaur warrior completely misses you.
The centaur warrior hits you with a morningstar!
The centaur warrior rages.
The centaur warrior hits you with a morningstar!
You are unable to access your magic!
You closely miss the centaur warrior.
The centaur warrior is lightly wounded.
You regain access to your magic.
The centaur warrior hits you with a morningstar.
The centaur warrior hits you but does no damage.
The centaur warrior hits you with a morningstar.
You block the centaur warrior's attack.
Casting: Airstrike (safe; 5% risk of failure)
Confirm with . or Enter, or press ? or * to list all spells.
Aiming: Airstrike (safe; 5% risk of failure)
Press: ? - help, Dir - move target cursor, f/p - centaur warrior
Aim: a centaur warrior, wielding a morningstar (lightly wounded, berserk, fast, The air twists around and strikes the centaur warrior!
The centaur warrior is lightly wounded.
Sif Muna grants you divine energy.
You briefly lose access to your magic!
The centaur warrior closely misses you. The centaur warrior barely misses you.
You hit the centaur warrior.
The centaur warrior looks as sick as possible!
The centaur warrior is moderately wounded.
The centaur warrior misses you. The centaur warrior barely misses you.
You hit the centaur warrior but do no damage.
The centaur warrior is moderately wounded.
The centaur warrior hits you with a morningstar!
* * * LOW HITPOINT WARNING * * *
The centaur warrior hits you with a morningstar!!
You die...

#........ ##........ ## ###
### ####.†.......
#)###.###.###%#.#.......> .#
#.#.#.#.#.#.#)##........ #.#
#.###.###.#.#.#....)†.. .#
#.#(#.#.#.#.#.#.##.....###
#.#
#.###.###.#.#.###.....'..
#.#.#.#.#.#@#.#.#.##.....#..
#.# #.###c#.#.###.#....(#..
#.#.#.#.#p#.#.#.# ##.....#..
#.# #.###o#.#.###.#
#.....### .# #.#.#a#.#.#.#
#. #........ #.# #[#.#.###.#
#.)†..... .# #.#.#.#.# #.#
#.....### #[# #.###.# #.#
#..(..# #.# #.# #.# #.
#..####


You could see a centaur warrior (berserk), a soldier ant, a slave and an orc.

Vanquished Creatures
  A two-headed ogre (D:9)
  A centaur warrior (D:9)
  A death yak (D:8)
  An ugly thing (D:8)
  A hippogriff (D:8)
  13 yaks
  Eustachio (D:6)
  A wyvern (D:8)
  4 hungry ghosts (D:9)
  3 orc warriors
  4 ice beasts
  3 sky beasts
  2 slaves (D:9)
  5 ogres
  6 centaurs
  A big kobold (D:8)
  5 bullfrogs
  A water moccasin zombie (D:6)
  A wyvern skeleton (D:6)
  4 scorpions
  A howler monkey (D:6)
  3 crimson imps
  2 centaur zombies
  2 bullfrog zombies
  5 hounds
  5 jellies
  A centaur skeleton (D:7)
  4 orc priests
  A bullfrog skeleton (D:7)
  9 orc wizards
  Terence (D:3)
  5 worker ants
  Natasha (thrice) (D:4)
  2 iguanas
  A worker ant zombie (D:9)
  14 adders
  6 oozes
  3 adder skeletons
  3 worms (D:2)
  6 dart slugs
  2 leopard geckos
  30 orcs
  11 giant cockroaches
  15 goblins
  5 hobgoblins
  16 jackals
  12 kobolds
  6 quokkas
  A ball python (D:2)
  7 bats
  6 frilled lizards
  2 quokka zombies
  5 rats
254 creatures vanquished.

Notes
Turn   | Place    | Note
-------+----------+-------------------------------------------
     0 | D:1      | Amnesiac the Mummy Air Elementalist began the quest for the
                  | Orb.
     0 | D:1      | Reached XP level 1. HP: 13/13 MP: 4/4
   156 | D:1      | Reached XP level 2. HP: 19/19 MP: 1/5
   160 | D:1      | Learned a level 2 spell: Swiftness
   255 | D:4      | Noticed a scorpion
   262 | D:4      | Killed a scorpion
   262 | D:4      | Reached XP level 3. HP: 19/24 MP: 5/8
   271 | D:4      | Reached XP level 4. HP: 23/30 MP: 6/9
   279 | D:4      | Learned a level 4 spell: Airstrike
   415 | D:4      | Learned a level 1 spell: Confusing Touch
   417 | D:4      | Learned a level 1 spell: Summon Small Mammal
   419 | D:4      | Learned a level 1 spell: Apportation
   497 | D:5      | Entered Level 5 of the Dungeon
   507 | D:5      | Noticed an ice beast
   699 | D:4      | Noticed Natasha
   703 | D:4      | Killed Natasha
   703 | D:4      | Reached XP level 5. HP: 34/35 MP: 2/11
   801 | D:3      | Found an ornate altar of the Wu Jian Council.
   981 | D:4      | Noticed Natasha
   990 | D:4      | Killed Natasha
  1044 | D:4      | Noticed Natasha
  1046 | D:4      | Killed Natasha
  1046 | D:4      | Reached XP level 6. HP: 11/41 MP: 3/13
  1377 | D:4      | Found a staircase to the Ecumenical Temple.
  1381 | Temple   | Entered the Ecumenical Temple
  1526 | Temple   | Became a worshipper of Sif Muna the Loreminder
  1563 | D:4      | Reached skill level 5 in Air Magic
  1717 | D:1      | Reached skill level 5 in Spellcasting
  2931 | D:3      | Learned a level 5 spell: Lightning Bolt
  2999 | D:3      | Reached * piety under Sif Muna
  3213 | D:3      | Noticed Terence
  3220 | D:3      | Killed Terence
  3220 | D:3      | Reached XP level 7. HP: 29/46 MP: 0/15
  3314 | D:3      | Found a shimmering altar of Xom.
  3453 | D:3      | Found a glowing silver altar of Zin.
  3630 | D:4      | Reached skill level 1 in Shields
  3892 | D:5      | Reached ** piety under Sif Muna
  4032 | D:5      | Found a snail-covered altar of Cheibriados.
  4033 | D:5      | Found an iron altar of Okawaru.
  4093 | D:5      | Reached XP level 8. HP: 44/52 MP: 0/17
  4116 | D:5      | Found Agoyrutenni's Assorted Antiques.
  4121 | D:5      | Bought an embroidered cloak for 142 gold pieces
  4267 | D:5      | Found a sacrificial altar of Ru.
  4463 | D:6      | Noticed Eustachio
  4490 | D:6      | Killed Eustachio
  4731 | D:6      | Found a blossoming altar of Fedhas.
  4935 | D:6      | Found an opulent altar of Gozag.
  4974 | D:6      | Reached *** piety under Sif Muna
  5314 | D:7      | Reached XP level 9. HP: 57/57 MP: 11/20
  5779 | D:7      | Reached skill level 1 in Conjurations
  6255 | D:8      | Noticed a brown ugly thing
  6266 | D:8      | Killed a brown ugly thing
  6349 | D:8      | Reached skill level 5 in Conjurations
  6533 | D:8      | Got a faintly glowing scale mail
  6547 | D:8      | Got a serpentine silver ring
  6549 | D:8      | Identified the ring of the Middle {rC+ rN++ Int+5 Slay-3}
                  | (You found it on level 8 of the Dungeon)
  6561 | D:8      | Identified the +1 scale mail "Jiothrott" {Str+8} (You found
                  | it on level 8 of the Dungeon)
  6632 | D:8      | Reached **** piety under Sif Muna
  6877 | D:8      | Reached XP level 10. HP: 44/63 MP: 0/22
  7131 | D:8      | Noticed a death yak
  7148 | D:8      | Killed a death yak
  7148 | D:8      | Reached ***** piety under Sif Muna
  7148 | D:8      | Identified Zoecw's Guide on Enhancements and the Frostbite
                  | (Sif Muna gifted it to you on level 8 of the Dungeon)
  7148 | D:8      | Received a gift from Sif Muna
  7167 | D:8      | Reached skill level 1 in Invocations
  7463 | D:8      | Learned a level 6 spell: Freezing Cloud
  7465 | D:9      | Found a staircase to the Orcish Mines.
  7535 | D:9      | Noticed a two-headed ogre
  7582 | D:9      | Killed a two-headed ogre
  7582 | D:9      | Reached skill level 5 in Invocations
  7609 | D:9      | Reached XP level 11. HP: 60/68 MP: 0/23
  7938 | D:9      | Noticed a centaur warrior
  7963 | D:9      | Killed a centaur warrior
  8116 | D:9      | Noticed a centaur warrior
  8124 | D:9      | Slain by a centaur warrior

Vault maps used:
D:1:      dpeg_arrival_lava_temple_mockup, minivault_19,
          hangedman_decor_riveting
D:3:      zin_academy, nicolae_overflow_crystal_walls, first_ration, tgw_xom,
          uniq_terence
D:4:      minmay_temple_entry_grid, kennysheep_boxes, uniq_natasha
D:5:      gammafunk_temple_overflow_statue, serial_shops, nicolae_shop_trees,
          minivault_1, nicolae_ru_great_annihilating_truth
D:6:      kennysheep_mini, kennysheep_diamond, fedhas_altar_1, uniq_eustachio
D:8:      argonaut_augean_stables, hangedman_little_slice_of_home
D:9:      minmay_imperfect_grid, orc_0_dummy, uniq_erolcha, uniq_pikel
Temple:   minmay_crystal_spiral_temple

Skill      XL: |  1  2  3  4  5  6  7  8  9 10 11 |
---------------+----------------------------------+-----
Air Magic      | 3 4 5 6 7 8 |  8.0
Spellcasting   | 3 4 5 6 7 8 |  8.0
Shields        | 2 3 4 |  4.0
Conjurations   | 6 8 |  8.5
Invocations    | 5 7 |  7.2
Dodging        | |  1.5
Stealth        | |  1.5

Action                   |  1- 3 |  4- 6 |  7- 9 | 10-12 || total
-------------------------+-------+-------+-------+-------++-------
Melee: Dagger            |    14 |     6 |       |       ||    20
       Unarmed           |     1 |       |       |       ||     1
       Short sword       |       |    26 |       |       ||    26
       Spear             |       |    64 |   117 |   104 ||   285
 Cast: Shock             |    14 |    79 |       |       ||    93
       Airstrike         |       |    23 |   169 |    91 ||   283
       Apportation       |       |     1 |       |       ||     1
       Lightning Bolt    |       |       |       |    10 ||    10
Invok: Divine Energy     |       |     1 |       |       ||     1
  Use: Scroll            |       |     6 |     8 |     2 ||    16
 Stab: Sleeping          |     2 |     2 |       |       ||     4
Armor: Robe              |     2 |    11 |    21 |       ||    34
       Leather armour    |       |       |    10 |       ||    10
       Scale mail        |       |       |    54 |    91 ||   145
Dodge: Dodged            |    13 |    62 |   113 |    85 ||   273
Block: Buckler           |       |       |    40 |    31 ||    71

Table legend:
 A = Non-vault XP
 B = Vault XP
 C = Vault XP percentage of total XP
 D = Non-vault monster count
 E = Vault monster count
 F = Vault count percentage of total count
                 A         B        C        D         E       F
            +---------+---------+-------+---------+---------+-------
      Total |    7602 |    5566 |  42.3 |     211 |      41 |  16.3
            +---------+---------+-------+---------+---------+-------
        D:1 |      64 |       0 |   0.0 |      33 |       0 |   0.0
        D:2 |      73 |       0 |   0.0 |      22 |       0 |   0.0
        D:3 |     302 |      42 |  12.2 |      29 |       3 |   9.4
        D:4 |     617 |      35 |   5.4 |      24 |       1 |   4.0
        D:5 |     520 |      44 |   7.8 |      14 |       4 |  22.2
        D:6 |     837 |     206 |  19.8 |      17 |       2 |  10.5
        D:7 |    1136 |       0 |   0.0 |      22 |       0 |   0.0
        D:8 |    1966 |    3500 |  64.0 |      27 |      21 |  43.8
        D:9 |    2087 |    1739 |  45.5 |      23 |      10 |  30.3
            +---------+---------+-------+---------+---------+-------
